[Event "*** Titled Tuesday Blitz"]
[Site "Chess.com"]
[Date "2021.02.02"]
[Round "7"]
[White "K_A_S_T_O_R"]
[Black "Tekushka"]
[Result "1-0"]
[WhiteElo "2727"]
[BlackElo "2451"]
[TimeControl "180+1"]
[EndTime "11:19:16 PST"]
[Termination "K_A_S_T_O_R won on time"]

1. e4 c6 2. c4 d5 3. cxd5 cxd5 4. exd5 Nf6 5. Nc3 Nxd5 6. Nf3 Nc6 7. Bb5 Nc7 8. Bxc6+ bxc6 9. O-O Bg4 10. d4 e6 11. Qd3 Bxf3 12. Qxf3 Nd5 13. Qg3 g6 14. Bg5 f6 15. Bd2 Bd6 16. Qh3 Qd7 17. Rfe1 Kf7 18.
Ne4 Be7 19. Re2 h5 20. Rae1 Rae8 21. Qf3 Kg7 22. a3 Rhf8 23. g3 Bd6 24. Qd3 Rb8 25.
Bc1 Rfe8 26. Qd2 Rh8 27. Nxd6 Qxd6 28. Rxe6 Qd7 29. Qe2 Kf7 30. Re4 Rhe8 31. f3 Re7 32.
Kg2 Ree8 33. Qd3 Qf5 34. Qc4 Qd7 35. b4 Kf8 36. Bd2 Kg7 37. Qc5 f5 38. Re5 Rxe5 39. Rxe5 Kf7 40. Bg5 Re8 41. Bh6 Rxe5 42. dxe5 Nb6 43.
Qf8+ Ke6 44. Qf6+ Kd5 45. Qxg6 Kc4 46. e6 Qd3 47. Qf7 Qe2+ 48. Kh3 Qxf3 49. e7+ Kb5 50. e8=Q Qg4+ 51. Kg2 1-0

[Event "*** Titled Tuesday Blitz"]
[Site "Chess.com"]
[Date "2021.02.02"]
[Round "7"]
[White "CalinGheorghiu"]
[Black "oneshot007"]
[Result "1-0"]
[WhiteElo "2275"]
[BlackElo "2449"]
[TimeControl "180+1"]
[EndTime "11:19:16 PST"]
[Termination "CalinGheorghiu won by resignation"]

1. e4 c5 2. Nf3 Nc6 3. Bb5 g6 4. Bxc6 bxc6 5. O-O Bg7 6. Nc3 Nh6 7. Re1 O-O 8. d3 d6 9. h3 Qc7 10. e5 Nf5 11. Ne4 Rb8 12. c3 f6 13. g4 Nh6 14. exd6 exd6 15. Bf4 Nf7 16. Nxc5 Rxb2 17.
Nd4 Qa5 18. Nce6 Bxe6 19. Nxe6 Re8 20. Qc1 Rxa2 21. Rb1 Qa6 22. Nc7 Rxe1+ 23. Qxe1 Qc8 24. Qe6 Qd8 25. Qxa2 Qxc7 26. Qe6 h5 27. gxh5 g5 28. Bg3 Kh8 29. Qe8+ Kh7 30. Rb8 Qa5 31. Qg8+ Kh6 32.
Qxf7 Qa1+ 33. Kg2 1-0

[Event "*** Titled Tuesday Blitz"]
[Site "Chess.com"]
[Date "2021.02.02"]
[Round "7"]
[White "ftorodent"]
[Black "NiranjanNavalgund"]
[Result "1-0"]
[WhiteElo "2700"]
[BlackElo "2524"]
[TimeControl "180+1"]
[EndTime "11:19:17 PST"]
[Termination "ftorodent won by resignation"]

1. d4 Nf6 2. c4 Nc6 3. Nf3 e6 4. a3 d6 5. Nc3 g6 6. e4 Bg7 7. Be2 O-O 8. O-O Re8 9. Be3 e5 10.
dxe5 Nxe5 11. Nxe5 dxe5 12. Qxd8 Rxd8 13. Nd5 Bg4 14.
f3 Nxd5 15. cxd5 Bd7 16. Rfd1 Ba4 17. b3 Be8 18. Rac1 c6 19. Bc4 Bf8 20. a4 c5 21. Bg5 Rd6 22. f4 f6 23. Bxf6 Rxf6 24.
fxe5 Rf4 25. d6+ Kh8 26. e6 Rxe4 27. d7 Be7 28. dxe8=Q+ Rxe8 29. Rd7 Bg5 30. Rf1 Re7 31. Rf7 Rxf7 32. Rxf7 b6 33. Rxa7 Bf6 34. Kf2 Bd4+ 35. Kf3 Re5 36. Kf4 Be3+ 37. Kxe5 1-0

[Event "*** Titled Tuesday Blitz"]
[Site "Chess.com"]
[Date "2021.02.02"]
[Round "7"]
[White "WPWPWP-2015"]
[Black "VladimirPotkin"]
[Result "1-0"]
[WhiteElo "2500"]
[BlackElo "2635"]
[TimeControl "180+1"]
[EndTime "11:19:18 PST"]
[Termination "WPWPWP-2015 won by resignation"]

1. e4 c5 2. Nf3 e6 3. b3 a6 4.
Bb2 Nc6 5. Bd3 Nf6 6. O-O d5 7. e5 Nd7 8. Re1 Be7 9. c3 g5 10. h3 h5 11. g4 hxg4 12. hxg4 Qc7 13. Qe2 b5 14. a4 b4 15. cxb4 Nxb4 16. Nc3 Bb7 17.
Rac1 O-O-O 18. Bb1 Kb8 19. d4 Qb6 20. Nd1 Rc8 21.
Ne3 Nc6 22. Nc2 Qxb3 23. Ne3 c4 24. Bc3 Bb4 25. Ba2 Qa3 26. Qd2 Bxc3 27. Rxc3 Qxa4 28. Rb1 Ka8 29. Qb2 Rb8 30. Ra3 Qb5 31. Qxb5 Ka7 32.
Ra4 Nxd4 33. Qxd7 Nxf3+ 34. Kg2 Rh2+ 35. Kxf3 d4+ 36. Rxb7+ Rxb7 37. Qxd4+ Kb8 38. Qd8+ Ka7 39. Qd4+ Kb8 40. Rxa6 Rh3+ 41. Kg2 Rh8 42. Qd6+ Rc7 43.
Rb6+ Kc8 44. Nxc4 Rd8 45. Qb4 Rd5 46. Nd6+ Kd7 47. Rb7 Rxe5 48. Rxc7+ Kxc7 49. Nxf7 1-0

[Event "*** Titled Tuesday Blitz"]
[Site "Chess.com"]
[Date "2021.02.02"]
[Round "7"]
[White "SlavenPastar"]
[Black "Shepherdboy"]
[Result "1/2-1/2"]
[WhiteElo "2637"]
[BlackElo "2435"]
[TimeControl "180+1"]
[EndTime "11:19:18 PST"]
[Termination "Game drawn by repetition"]

1. d4 Nf6 2. Nf3 d5 3. c4 e6 4.
Nc3 Be7 5. Bf4 O-O 6. e3 Nbd7 7. Bd3 dxc4 8. Bxc4 c5 9. O-O cxd4 10. exd4 Nb6 11. Bb3 Nbd5 12. Bg5 b6 13. Nxd5 Nxd5 14. Bxd5 exd5 15.
Bxe7 Qxe7 16. Re1 Be6 17. Qa4 Rac8 18. h3 Rc4 19. Qb5 Rfc8 20. Rad1 Qd6 21. Ng5 h6 22.
Nxe6 fxe6 23. Rd2 Qf4 24. Rde2 Rc2 25. Qd7 Qf6 26. a4 R8c6 27. Rxc2 Rxc2 28. Qxe6+ Qxe6 29. Rxe6 Rxb2 30. Re7 a5 31. Rd7 Rb4 32. Rxd5 Rxa4 33. Kf1 Rb4 34. Ke2 a4 35. Rd8+ Kf7 36. Ke3 b5 37.
Ra8 Rb2 38. d5 Ke7 39. Kd4 Rxf2 40. Kc5 Rc2+ 41. Kxb5 Kd6 42. Rd8+ Kc7 43. Ra8 Kd6 44. Rd8+ Kc7 45. Ra8 Kd6 1/2-1/2

[Event "*** Titled Tuesday Blitz"]
[Site "Chess.com"]
[Date "2021.02.02"]
[Round "7"]
[White "Gmedmundo"]
[Black "Aikiigm"]
[Result "1/2-1/2"]
[WhiteElo "2405"]
[BlackElo "2565"]
[TimeControl "180+1"]
[EndTime "11:19:19 PST"]
[Termination "Game drawn by repetition"]

1. e4 Nf6 2. e5 Nd5 3. d4 d6 4. Nf3 dxe5 5. Nxe5 c6 6. Bc4 Bf5 7. O-O e6 8. Bb3 Nd7 9. Nf3 Bd6 10. Nbd2 O-O 11.
h3 h6 12. Re1 Rc8 13. Ne4 Bb8 14. c4 N5f6 15. Nxf6+ Qxf6 16. Qe2 Rfd8 17. Bd2 Nf8 18. Bc3 Qg6 19. Nh4 Qg5 20. Nxf5 Qxf5 21. Bc2 Qf4 22. g3 Qd6 23. Rad1 Rd7 24. h4 a6 25. Qe4 Rcd8 26. a3 Qe7 27. d5 cxd5 28.
cxd5 Bd6 29. dxe6 Qxe6 30. Qf3 Qc4 31. Rd4 Qc7 32. Rg4 Ng6 33. Bxg6 fxg6 34. Rxg6 Bf8 35. Qg4 Rd6 36. Rxd6 Qxd6 37. h5 Qd5 38. Re4 Rd7 39. Kh2 Qf7 40. Re6 Rd5 41. Rxh6 Qxf2+ 42. Kh1 Qf1+ 43. Kh2 Rf5 44. Bd4 Rf2+ 45. Bxf2 Qxf2+ 46. Kh3 Qf1+ 47. Kh2 Qf2+ 48. Kh3 Qf1+ 49. Kh2 Qf2+ 1/2-1/2

[Event "*** Titled Tuesday Blitz"]
[Site "Chess.com"]
[Date "2021.02.02"]
[Round "7"]
[White "fabianvivasz"]
[Black "ErikBlomqvist"]
[Result "0-1"]
[WhiteElo "2309"]
[BlackElo "2491"]
[TimeControl "180+1"]
[EndTime "11:19:19 PST"]
[Termination "ErikBlomqvist won on time"]

1. e4 c6 2. Nf3 d5 3. Nc3 Bg4 4. h3 Bh5 5. exd5 cxd5 6. Bb5+ Nc6 7. g4 Bg6 8. Ne5 Rc8 9. d4 e6 10. h4 f6 11. Nxg6 hxg6 12. Qe2 Kf7 13. Be3 Bd6 14.
a3 Nge7 15. f4 Qc7 16. Qf3 Qa5 17. Bd3 Nb4 18. Bd2 Nxd3+ 19. Qxd3 a6 20. O-O-O Bxa3 21.
bxa3 Qxa3+ 22. Kb1 Rc6 23. Nxd5 Qxd3 24. cxd3 Nxd5 25.
Rc1 Rxc1+ 26. Kxc1 b6 27. Kb2 a5 28. Kb3 f5 29. g5 Rc8 30. h5 gxh5 31. Rxh5 b5 32.
Rh1 a4+ 33. Kb2 b4 34. Ra1 b3 35. Rxa4 Rc2+ 36. Kxb3 Rxd2 37. Ra7+ Kg6 38. Ra6 Nxf4 39.
Kc4 Kxg5 40. Ra7 Kf6 0-1

[Event "*** Titled Tuesday Blitz"]
[Site "Chess.com"]
[Date "2021.02.02"]
[Round "7"]
[White "leoduarte"]
[Black "Noam_Vitenberg"]
[Result "0-1"]
[WhiteElo "2354"]
[BlackElo "2505"]
[TimeControl "180+1"]
[EndTime "11:19:20 PST"]
[Termination "Noam_Vitenberg won on time"]

1. e4 d5 2. exd5 Qxd5 3. Nc3 Qe6+ 4. Be2 Qg6 5. Bf3 Nc6 6. Nge2 Bf5 7. d4 Nb4 8. O-O Nxc2 9. Nf4 Qd6 10. Rb1 O-O-O 11. d5 Nb4 12. Bg4 Bxg4 13. Qxg4+ Kb8 14. Rd1 Nf6 15. Qf3 g5 16. a3 Na6 17. Nfe2 g4 18. Qd3 Nc5 19. Qc2 Bg7 20. Be3 a6 21. b4 Ncd7 22.
Bf4 Qb6 23. Na4 Qb5 24. Bxc7+ Ka8 25. Bxd8 Rxd8 26. Nd4 Qxd5 27. Nb3 Qc6 28. Nac5 Rc8 29. Qe2 Nxc5 30. Nxc5 Nd5 31. Ne4 f5 32. Ng5 Nf4 0-1

[Event "*** Titled Tuesday Blitz"]
[Site "Chess.com"]
[Date "2021.02.02"]
[Round "7"]
[White "WonderChampion"]
[Black "orrbaverlekszarnyon"]
[Result "0-1"]
[WhiteElo "2063"]
[BlackElo "2299"]
[TimeControl "180+1"]
[EndTime "11:19:21 PST"]
[Termination "orrbaverlekszarnyon won by resignation"]

1. d4 d5 2. Bg5 Nf6 3. Nd2 Nbd7 4. Ngf3 e6 5. e4 dxe4 6. Nxe4 Be7 7. Bxf6 Nxf6 8.
Nxf6+ Bxf6 9. Bb5+ c6 10. Bc4 O-O 11. O-O Qb6 12. Bb3 Rd8 13. c3 c5 14. Re1 cxd4 15. cxd4 Bxd4 16. Nxd4 Qxd4 17. Qf3 Qf6 18. Qe3 Bd7 19.
Rac1 Bc6 20. Bc2 Rd7 21. Qh3 h6 22. b3 Rad8 23. Qg3 Rd5 24. f3 g6 25. Re3 Rg5 26. Qf2 Qf4 27. Rce1 Qd4 28. Rd1 Qb6 29. Rxd8+ Qxd8 30.
Rd3 Qf6 31. a4 Qa1+ 32. Rd1 Qc3 33. h4 Rd5 34. Qe2 Kg7 35. Re1 Rd2 36. Qe3 Qxe3+ 37. Rxe3 Rxc2 38. b4 Bxa4 39. Ra3 b5 40. Re3 Rc4 41.
Re5 Rxb4 42. Rc5 a5 43. Rc7 Bb3 44. Rb7 a4 45. Ra7 Bd5 46. Ra5 Rb1+ 47. Kf2 Rb3 48.
Kg3 a3 49. Ra6 b4 50. Ra4 a2 0-1

[Event "*** Titled Tuesday Blitz"]
[Site "Chess.com"]
[Date "2021.02.02"]
[Round "7"]
[White "Evgeny81"]
[Black "IriBu"]
[Result "1-0"]
[WhiteElo "2748"]
[BlackElo "2556"]
[TimeControl "180+1"]
[EndTime "11:19:23 PST"]
[Termination "Evgeny81 won by resignation"]

1. Nf3 Nf6 2. c4 e6 3. g3 d5 4. Bg2 Be7 5. O-O dxc4 6. Qa4+ Bd7 7. Qxc4 c5 8. Ne5 Qc8 9. Nxd7 Qxd7 10. b3 Nc6 11.
Bb2 O-O 12. Nc3 Rac8 13. Rfd1 Rfd8 14. Ne4 Nd4 15. e3 b5 16. Qf1 Nf5 17. Nxf6+ Bxf6 18. Bxf6 gxf6 19. a4 a6 20. axb5 axb5 21. Be4 Nd6 22.
Bc2 f5 23. Qe2 Kh8 24. d4 c4 25. bxc4 bxc4 26. d5 e5 27. Qh5 e4 28. Qg5 Rg8 29. Qf6+ Rg7 30. Ra6 Rd8 31. Ba4 Qc7 32. Bc6 Kg8 33.
Rda1 Rg6 34. Qe5 Rb8 35. Ra8 f6 36. Qe6+ Kg7 37. R1a7 Nb7 38. Rxb8 c3 39. Rbxb7 c2 40. Rxc7+ Kh6 41. Be8 1-0

[Event "*** Titled Tuesday Blitz"]
[Site "Chess.com"]
[Date "2021.02.02"]
[Round "7"]
[White "Mr_Sinigami"]
[Black "VALPARAISO37"]
[Result "0-1"]
[WhiteElo "2636"]
[BlackElo "2482"]
[TimeControl "180+1"]
[EndTime "11:19:24 PST"]
[Termination "VALPARAISO37 won on time"]

1. d4 Nf6 2. Nf3 d5 3. Bf4 c5 4.
e3 Nc6 5. c3 Qb6 6. Qb3 c4 7.
Qc2 Bf5 8. Qc1 Nh5 9. Be5 f6 10. Bg3 e5 11. Be2 Nxg3 12. hxg3 exd4 13. exd4 g5 14.
Nbd2 Bd6 15. Nf1 O-O-O 16. Ne3 Be6 17. Qc2 h5 18. O-O-O Qa5 19. Kb1 Rdg8 20. Bxc4 dxc4 21. d5 Bf7 22. Nxc4 Qc7 23. Nxd6+ Qxd6 24. dxc6 Qxc6 25. Nd4 Qa6 26. Kc1 Qxa2 27. Qb1 Qa6 28. Qf5+ Kb8 29. Nc2 Bg6 30. Qc5 Qa4 31. Qd6+ Ka8 32. Na3 Qb3 33.
Rhe1 Rc8 34. Qd5 Rxc3+ 35. bxc3 Qxc3+ 0-1

[Event "*** Titled Tuesday Blitz"]
[Site "Chess.com"]
[Date "2021.02.02"]
[Round "7"]
[White "ViktoriyaTarasova"]
[Black "ClauSanLuis"]
[Result "0-1"]
[WhiteElo "2281"]
[BlackElo "2218"]
[TimeControl "180+1"]
[EndTime "11:19:24 PST"]
[Termination "ClauSanLuis won on time"]

1. d4 Nf6 2. c4 e5 3. dxe5 Ng4 4.
e3 Bb4+ 5. Bd2 Bxd2+ 6. Nxd2 Nxe5 7. f4 Nec6 8. Bd3 Qh4+ 9. g3 Qe7 10. Qe2 Nb4 11.
Bb1 d6 12. a3 N4a6 13. Ngf3 Nd7 14. O-O Nf6 15. e4 Bh3 16. Re1 O-O-O 17. b4 Rhe8 18. Qe3 Kb8 19. Bd3 c5 20. Rab1 Ng4 21. Qe2 h6 22. Nh4 Nf6 23. Qf2 g5 24. fxg5 hxg5 25.
Nf5 Qe5 26. Nf3 Qc3 27. Rbd1 Bxf5 28. exf5 Ng4 29. Qc2 Qxa3 30. Ra1 Rxe1+ 31. Rxe1 Nxb4 32. Qd2 Qxd3 33. Qxg5 f6 34. Qxg4 Nc2 35. Rf1 Re8 36. Qf4 Re2 37. Nh4 Ne3 38. Ra1 a6 39. Qh6 Ka7 40. Qf4 Qc3 41. Rb1 Qc2 0-1

[Event "*** Titled Tuesday Blitz"]
[Site "Chess.com"]
[Date "2021.02.02"]
[Round "7"]
[White "EfrenRamos1"]
[Black "Khnykin_Nikolay"]
[Result "1-0"]
[WhiteElo "2249"]
[BlackElo "2083"]
[TimeControl "180+1"]
[EndTime "11:19:24 PST"]
[Termination "EfrenRamos1 won by checkmate"]

1. Nf3 e6 2. c4 d5 3. d4 c5 4.
cxd5 exd5 5. Nc3 Nf6 6. g3 Be6 7. Bg2 Nc6 8. O-O Be7 9. dxc5 Bxc5 10. Bg5 O-O 11. Rc1 Bb6 12. Na4 Bc7 13. Nd4 Nxd4 14. Qxd4 Rc8 15. Bxf6 Qxf6 16. Qxf6 gxf6 17. Rfd1 Rfd8 18.
Nc5 b6 19. Nd3 Kf8 20. Nb4 d4 21. b3 Bd6 22. Nc6 Rd7 23. Nxd4 Rxc1 24. Nxe6+ fxe6 25. Rxc1 Rc7 26. Rxc7 Bxc7 27. f4 Ke7 28. Kf2 Kd6 29.
b4 a5 30. a3 axb4 31. axb4 b5 32. Ke3 e5 33. fxe5+ Kxe5 34. Bc6 Bb6+ 35. Kd3 Bg1 36. h3 Bf2 37. g4 Kf4 38. Bxb5 Kg3 39. Bd7 Bb6 40.
e3 Bd8 41. b5 Kxh3 42. g5+ Kg3 43. gxf6 Bxf6 44. b6 Be5 45. Ke4 Bb8 46. Be8 Kg4 47. Kd5 h5 48. e4 h4 49. e5 Kf4 50. e6 h3 51. Bc6 Kf5 52. e7 h2 53. Kc5 Kf6 54. e8=Q Be5 55. b7 Bf4 56. b8=Q Bxb8 57. Qxb8 h1=Q 58. Qf8+ Kg5 59. Bxh1 Kg4 60. Be4 Kg5 61.
Qf5+ Kh6 62. Qg6# 1-0

[Event "*** Titled Tuesday Blitz"]
[Site "Chess.com"]
[Date "2021.02.02"]
[Round "7"]
[White "CrushingKings"]
[Black "temiksmozg"]
[Result "1-0"]
[WhiteElo "2371"]
[BlackElo "2612"]
[TimeControl "180+1"]
[EndTime "11:19:25 PST"]
[Termination "CrushingKings won on time"]

1. e4 c5 2. d4 e6 3. d5 Nf6 4. Nc3 exd5 5. exd5 Bd6 6. Nf3 O-O 7. Be2 Re8 8. O-O h6 9. h3 b6 10. Nb5 Bf8 11.
d6 Na6 12. a3 Bb7 13. b3 Qc8 14. Bb2 Ne4 15. Re1 Bc6 16. Ne5 Rxe5 17. Bxe5 Qb7 18. c4 Re8 19. Bf4 Re6 20. Bg4 Rf6 21. Be3 Nxd6 22.
Nc3 Nc7 23. f3 Nf5 24. Bf2 d5 25. cxd5 Nxd5 26. Ne4 Nd4 27. Bxd4 cxd4 28. Nxf6+ Nxf6 29. b4 h5 30. Bf5 g6 31. Qxd4 Bg7 32. Qd8+ Kh7 33.
Re7 Qa6 34. Bd3 Qa4 35. Rxf7 Qb3 36. Qxf6 1-0

[Event "*** Titled Tuesday Blitz"]
[Site "Chess.com"]
[Date "2021.02.02"]
[Round "7"]
[White "ErikRonka"]
[Black "hermionegrangermagic"]
[Result "0-1"]
[WhiteElo "2473"]
[BlackElo "2641"]
[TimeControl "180+1"]
[EndTime "11:19:25 PST"]
[Termination "hermionegrangermagic won on time"]

1. e4 c5 2. Nf3 Nc6 3. Nc3 g6 4. d4 cxd4 5. Nxd4 Bg7 6. Be3 Nf6 7. Bc4 O-O 8. Bb3 d6 9. f3 Bd7 10. Qd2 Nxd4 11. Bxd4 b5 12. a4 b4 13. Nd5 Nxd5 14. Bxg7 Kxg7 15. Bxd5 Rc8 16. a5 Qc7 17. Bb3 Qc5 18. Qf2 Be6 19. Qxc5 Rxc5 20. Bxe6 fxe6 21. Kd2 Rfc8 22. Rhc1 d5 23. Ra4 dxe4 24. fxe4 Rc4 25. Kd3 e5 26. c3 a6 27. Re1 R4c5 28. Rxb4 Rd8+ 29. Kc2 Rxa5 30. Rb7 Kf6 31. Rd1 Rxd1 32. Kxd1 Ra1+ 33. Kc2 Rg1 34. Rb6+ Kf7 35. Rxa6 Rxg2+ 36. Kb1 Rxh2 37. b4 Rd2 38. b5 h5 39. b6 Rd8 40. c4 h4 41. c5 h3 42. Ra3 Rh8 0-1

[Event "*** Titled Tuesday Blitz"]
[Site "Chess.com"]
[Date "2021.02.02"]
[Round "7"]
[White "anon102030"]
[Black "L1m96"]
[Result "0-1"]
[WhiteElo "2722"]
[BlackElo "2568"]
[TimeControl "180+1"]
[EndTime "11:19:26 PST"]
[Termination "L1m96 won by resignation"]

1. e4 e5 2. Nf3 Nc6 3. Bc4 Nf6 4. d3 Bc5 5. c3 d6 6. b4 Bb6 7. a4 a6 8. O-O O-O 9. Be3 Bxe3 10. fxe3 d5 11. exd5 Nxd5 12. Qe2 Bg4 13. h3 Bh5 14. g4 Bg6 15. Bxd5 Qxd5 16. e4 Qd7 17. Nh4 Rad8 18. b5 axb5 19. axb5 Ne7 20. Rf3 Qxb5 21. Nd2 Qc5+ 22.
Kf1 Qxc3 23. Rb1 Nc6 24. Qe3 Nd4 25. Rg3 b5 26. Nf5 Rfe8 27. h4 Nc2 28. Qe2 Nd4 29.
Qg2 Ra8 30. h5 Ra2 31. Rd1 Qc2 32. Ke1 Rea8 33. hxg6 hxg6 34. Ne7+ Kf8 35. Nd5 Ra1 36. Nb1 Qxd1+ 37. Kxd1 Rxb1+ 38. Kd2 Ra2+ 39. Ke3 Re1+ 0-1

[Event "*** Titled Tuesday Blitz"]
[Site "Chess.com"]
[Date "2021.02.02"]
[Round "7"]
[White "LileKoridze"]
[Black "Lion-Al-Messi"]
[Result "0-1"]
[WhiteElo "2373"]
[BlackElo "2559"]
[TimeControl "180+1"]
[EndTime "11:19:26 PST"]
[Termination "Lion-Al-Messi won by checkmate"]

1. d4 d5 2. c4 c6 3. Nf3 Nf6 4.
Nc3 dxc4 5. a4 Bf5 6. e3 e6 7.
Bxc4 Bb4 8. O-O Nbd7 9. Nh4 O-O 10. Nxf5 exf5 11. Qb3 Bd6 12. h3 Qc7 13. Qc2 g6 14. e4 fxe4 15. Nxe4 Nxe4 16. Qxe4 Rae8 17. Qf3 Nb6 18. Bb3 Kg7 19. a5 Nc8 20. d5 c5 21. Bg5 f6 22. Bd2 Be5 23. Rae1 Nd6 24. Qg4 c4 25. Bc2 f5 26. Qh4 Bf6 27. Bh6+ Kg8 28. Rxe8 Nxe8 29. d6 Qf7 30. Qf4 Bg7 31. Bg5 Bf6 32. d7 Qxd7 33. Qxc4+ Qf7 34. Qxf7+ Kxf7 35. Bb3+ Kg7 36. Bxf6+ Nxf6 37. Rc1 Rd8 38. Rc7+ Rd7 39. Rc8 b6 40. axb6 axb6 41. Rb8 Rd6 42. Rb7+ Kh6 43. Bf7 f4 44. g3 fxg3 45. fxg3 Ne4 46.
g4 Rd2 47. Rxb6 Kg5 48. Bg8 Kf4 49. Rb3 Ng5 50. h4 Nf3+ 51. Kf1 Kg3 52. Be6 Rf2# 0-1

[Event "*** Titled Tuesday Blitz"]
[Site "Chess.com"]
[Date "2021.02.02"]
[Round "7"]
[White "YIYUKI"]
[Black "SanQui14"]
[Result "0-1"]
[WhiteElo "2242"]
[BlackElo "2425"]
[TimeControl "180+1"]
[EndTime "11:19:26 PST"]
[Termination "SanQui14 won on time"]

1. d4 Nf6 2. c4 e6 3. Nc3 Bb4 4. e3 b6 5. Ne2 Bb7 6. a3 Be7 7. d5 O-O 8. g3 d6 9. Bg2 e5 10.
O-O Nbd7 11. e4 Re8 12. h3 Bf8 13. Be3 g6 14. Qd2 Bg7 15. Rae1 Rf8 16. f4 exf4 17.
gxf4 Nh5 18. Bd4 Re8 19. Bxg7 Nxg7 20. Nd4 Qh4 21. Nc6 Bxc6 22. dxc6 Nc5 23. b4 Nce6 24. Nd5 Rac8 25. f5 gxf5 26. exf5 Nd4 27. Rxe8+ Rxe8 28. Rf4 Qe1+ 29. Qxe1 Rxe1+ 30. Kf2 Rd1 31. Nxc7 Ngxf5 32. Nd5 Rd2+ 33. Ke1 Re2+ 34. Kd1 Kg7 35. c7 Re8 36.
Be4 Nh6 37. Rh4 Ne6 38. Rh5 Rc8 39. b5 Nxc7 40. Ne7 Re8 41. Rg5+ Kf6 0-1

[Event "*** Titled Tuesday Blitz"]
[Site "Chess.com"]
[Date "2021.02.02"]
[Round "7"]
[White "Vugar_Manafov"]
[Black "ShahMatKanal"]
[Result "1-0"]
[WhiteElo "2663"]
[BlackElo "2490"]
[TimeControl "180+1"]
[EndTime "11:19:27 PST"]
[Termination "Vugar_Manafov won on time"]

1. Nf3 d5 2. g3 g6 3. Bg2 Bg7 4. O-O Nf6 5. d3 O-O 6. Nc3 c5 7. e4 d4 8. Ne2 Nc6 9. Nd2 Ne8 10. f4 f5 11. Nc4 Rb8 12. a4 Nd6 13. b3 Nxc4 14.
bxc4 Qc7 15. e5 b6 16. h4 Bb7 17. Bd5+ Kh8 18. h5 Nb4 19. Bxb7 Qxb7 20. Bd2 Nc6 21. Rf2 Kg8 22. Qf1 Kf7 23. Rh2 Rg8 24. Qg2 Nd8 25. hxg6+ hxg6 26. Qxb7 Rxb7 27. Kf2 Rh8 28. Rxh8 Bxh8 29. Nc1 g5 30. Nb3 Ne6 31. a5 b5 32. a6 Rb6 33. cxb5 Rxb5 34. Ra5 Rb6 35. Bc1 gxf4 36. gxf4 Bg7 37. Ba3 Nxf4 38.
Bxc5 Rc6 39. Bxa7 Rxc2+ 40. Kf3 Nxd3 41. Bxd4 Ne1+ 42. Kg3 Rg2+ 43. Kh3 Rg4 44. a7 Nf3 45. a8=Q Bh6 46. Qxf3 1-0

[Event "*** Titled Tuesday Blitz"]
[Site "Chess.com"]
[Date "2021.02.02"]
[Round "7"]
[White "AlexSuv"]
[Black "Ajedrez_con_German"]
[Result "1-0"]
[WhiteElo "2486"]
[BlackElo "2606"]
[TimeControl "180+1"]
[EndTime "11:19:27 PST"]
[Termination "AlexSuv won by checkmate"]

1. d4 d5 2. c4 c6 3. Nc3 Nf6 4. e3 a6 5. Nf3 b5 6. c5 Bg4 7. h3 Bxf3 8. gxf3 Nbd7 9. f4 g6 10. Bd2 Bg7 11. Bd3 O-O 12. f5 e5 13. fxe6 fxe6 14.
f4 Nh5 15. Qg4 Qe7 16. O-O-O a5 17. Rhg1 Ndf6 18. Qg2 a4 19. a3 Rab8 20. Na2 Kh8 21. Nb4 Rbc8 22. Be1 Ng8 23. Qg5 Bf6 24. Qg4 Nh6 25.
Qf3 Nf5 26. Bf2 Bg7 27. Rg5 Nxd4 28. Qg4 Nb3+ 29. Kb1 Nxc5 30. Bxg6 hxg6 31. Rxg6 Rf5 32. Rg1 Ne4 33. Bh4 Qf7 34. Nd3 Rg8 35. Ne5 Qe8 36. Bg5 Rxg5 37. fxg5 Bxe5 38. Qxh5# 1-0

[Event "*** Titled Tuesday Blitz"]
[Site "Chess.com"]
[Date "2021.02.02"]
[Round "7"]
[White "RobertoJBM"]
[Black "Skat2704"]
[Result "1-0"]
[WhiteElo "2778"]
[BlackElo "2508"]
[TimeControl "180+1"]
[EndTime "11:19:28 PST"]
[Termination "RobertoJBM won by resignation"]

1. d4 d5 2. c4 e6 3. Nc3 Nf6 4. cxd5 exd5 5. Bg5 Be7 6. e3 O-O 7. Bd3 h6 8. Bh4 b6 9. Nf3 Bb7 10. O-O c5 11. Rc1 Nbd7 12. Ne5 a6 13. Nxd7 Qxd7 14. Qf3 Rfd8 15. Rfd1 c4 16. Bf5 Qc6 17. h3 b5 18.
g4 b4 19. Ne2 Qc7 20. Bg3 Bd6 21. Bxd6 Rxd6 22. Ng3 a5 23. h4 a4 24. a3 b3 25. g5 hxg5 26. hxg5 Ne8 27. Kg2 g6 28. Bg4 Qe7 29. Qf4 Ng7 30. Ne2 Ne6 31. Bxe6 Rxe6 32. Nc3 Qd6 33. Qxd6 Rxd6 34. Kg3 Kf8 35. Rh1 Ke7 36. Rh7 Bc6 37. f3 Rdd8 38. Rch1 Rab8 39. Kf4 Rd6 40. R1h6 Rbd8 41. Rh8 R6d7 42. Rxd8 Rxd8 43.
Rh7 Rd6 44. Rh2 Rd8 45. Ke5 Ra8 46. e4 dxe4 47. fxe4 Bd7 48. Nd5+ 1-0

[Event "*** Titled Tuesday Blitz"]
[Site "Chess.com"]
[Date "2021.02.02"]
[Round "7"]
[White "esrosenberg"]
[Black "kobemagic"]
[Result "0-1"]
[WhiteElo "2179"]
[BlackElo "2366"]
[TimeControl "180+1"]
[EndTime "11:19:28 PST"]
[Termination "kobemagic won by checkmate"]

1. Nf3 g6 2. e4 Bg7 3. c4 d6 4. h3 c5 5. d4 cxd4 6. Nxd4 Nc6 7.
Be3 Nf6 8. Nc3 O-O 9. Nc2 Be6 10.
Be2 a6 11. O-O Rc8 12. Qd2 Na5 13. b3 b5 14. Nd4 b4 15. Nxe6 fxe6 16. Na4 Nxe4 17.
Qxb4 Nc6 18. Qb7 Bxa1 19. Rxa1 Qc7 20. Qxa6 Nb4 21. Qb6 Nc2 22. Rc1 Nxe3 23. Qxe3 Nxf2 24. Qxe6+ Rf7 25. Bf3 Nd3 26. Rf1 Nf4 27. Qg4 Kg7 28.
g3 Nd3 29. Qd4+ Ne5 30. Nc3 Qc5 31. Qxc5 Rxc5 32. Bd5 Rxf1+ 33. Kxf1 Ra5 34. a4 Nd3 35. Ke2 Nc1+ 36. Ke3 Nxb3 37. Kd3 Nc5+ 38. Kd4 Nxa4 39.
Nxa4 Rxa4 40. g4 Kf6 41. h4 e6 42. g5+ Ke7 43. Bc6 Ra3 44. Bb5 Rh3 45. Ke4 Rxh4+ 46.
Kd3 Rg4 47. Kc3 Rxg5 48. Kd4 Rg3 49. Ke4 h5 50. Kf4 h4 51. Ke4 g5 52. Bc6 h3 53.
Bb5 h2 54. c5 h1=Q+ 55. Kd4 Qd5# 0-1

[Event "*** Titled Tuesday Blitz"]
[Site "Chess.com"]
[Date "2021.02.02"]
[Round "7"]
[White "dozer80"]
[Black "GadimbayliA"]
[Result "0-1"]
[WhiteElo "2597"]
[BlackElo "2881"]
[TimeControl "180+1"]
[EndTime "11:19:30 PST"]
[Termination "GadimbayliA won by resignation"]

1. e4 e5 2. Nc3 Nf6 3. g3 d5 4.
exd5 Nxd5 5. Bg2 Nxc3 6. bxc3 Nc6 7. Nf3 Bc5 8. O-O O-O 9. d3 Bb6 10. Re1 Re8 11. Rb1 Be6 12. c4 Qd7 13. Ng5 Bf5 14. Bd2 Rad8 15. Bc3 h6 16. Ne4 Bg4 17. Qc1 f5 18.
Nd2 Nd4 19. Nb3 c5 20. Bxd4 cxd4 21. c5 Bc7 22. Bxb7 e4 23. dxe4 f4 24. c6 Qf7 25.
e5 Rf8 26. Qxf4 Qh5 27. Qe4 Rxf2 28. h4 Bf3 29. Kxf2 Bxe4 30. Rxe4 Qf5+ 31. Rf4 Qxc2+ 32. Kf3 Qxb1 33. e6 Qd1+ 34. Ke4 Bxf4 35. gxf4 Qe1+ 36. Kf5 Rf8+ 37. Kg4 Qxe6+ 38. Kg3 Qe3+ 39. Kg4 Rxf4+ 0-1

[Event "*** Titled Tuesday Blitz"]
[Site "Chess.com"]
[Date "2021.02.02"]
[Round "7"]
[White "Milchone1"]
[Black "Kobalia"]
[Result "0-1"]
[WhiteElo "2519"]
[BlackElo "2699"]
[TimeControl "180+1"]
[EndTime "11:19:30 PST"]
[Termination "Kobalia won on time"]

1. Nf3 Nf6 2. c4 g6 3. Nc3 Bg7 4. e4 O-O 5. d4 d6 6. h3 e5 7.
dxe5 dxe5 8. Be3 c6 9. Be2 Qe7 10. O-O Nbd7 11. a3 Nh5 12. b4 Nf4 13. Re1 Rd8 14. c5 Nf8 15. Qc2 N8e6 16. Rad1 Re8 17. Rd6 Ng5 18. Bxf4 exf4 19. Nxg5 Qxg5 20. Qd3 Be5 21.
Bf1 Bxd6 22. cxd6 Qe5 23. Na4 Be6 24. Nc5 b6 25. Nxe6 Rxe6 26. d7 Rd6 27. Qc4 Rd8 28. Be2 R8xd7 29. Bg4 Rd8 30. Rc1 h5 31. Bf3 Kg7 32. Qa6 R8d7 33. Qc8 Rd2 34. Qxc6 R7d3 35. Qc7 Qg5 36. Kf1 Qh4 37. Be2 f3 38. Qe5+ Kh7 39.
gxf3 Rxf3 0-1

[Event "*** Titled Tuesday Blitz"]
[Site "Chess.com"]
[Date "2021.02.02"]
[Round "7"]
[White "bazar-wokzal"]
[Black "Chamal_Gedgafov"]
[Result "1-0"]
[WhiteElo "2519"]
[BlackElo "2362"]
[TimeControl "180+1"]
[EndTime "11:19:30 PST"]
[Termination "bazar-wokzal won on time"]

1. e4 e5 2. Bc4 Nf6 3. d3 c6 4. Nf3 d5 5. Bb3 Bb4+ 6. c3 Bd6 7. Bg5 Be6 8. d4 dxe4 9. Nxe5 Bxb3 10. Qxb3 Qe7 11.
Bxf6 gxf6 12. Nc4 Bf4 13. g3 Bh6 14. Qxb7 Qxb7 15. Nd6+ Ke7 16. Nxb7 Bc1 17. a4 Bxb2 18.
Ra2 Bc1 19. Nc5 f5 20. Ke2 Bh6 21. Rb2 Nd7 22. Rb7 Rhd8 23. Na3 Ke8 24. Nc4 Bf8 25.
Nxd7 Rxd7 26. Rhb1 Bd6 27. Nxd6+ Rxd6 28. Rc7 a5 29. Rbb7 Rf6 30. Ke3 Rd8 31. Kf4 Rd5 32. Rc8+ Rd8 33. Rxd8+ Kxd8 34. Ke5 Re6+ 35. Kxf5 Ke8 36.
Kf4 Kf8 37. Ra7 Rf6+ 38. Ke3 Rf3+ 39. Kxe4 Rxc3 40. Rxa5 Rc2 41. Rf5 Ra2 42. a5 Ke7 43. h4 f6 44. f4 Ke6 45. Rc5 Kd6 46. Kf5 1-0